 Dungeon Crawl Stone Soup version 0.31-a0-188-g5e087ee2ca (webtiles) character file.

Game seed: 12889946441393507602

1328 qw the Skirmisher (level 8, -1/46 HPs)
             Began as a Deep Elf Hunter on June 23, 2023.
             Was a Follower of Okawaru.
             Slain by a hornet (3 damage)
             ... on level 6 of the Dungeon.
             The game lasted 00:01:52 (4099 turns).

qw the Skirmisher (Deep Elf Hunter)                 Turns: 4099, Time: 00:01:53

Health: -1/46      AC:  8    Str: 10    XL:     8   Next: 34%
Magic:  10/12      EV: 14    Int: 15    God:    Okawaru [*.....]
Gold:   249        SH:  0    Dex: 18    Spells: 7/7 levels left

rFire   . . .        Y - +1 shortbow (drain)
rCold   . . .        (shield currently unavailable)
rNeg    . . .        k - +2 ring mail
rPois   .            (no helmet)
rElec   .            (no cloak)
rCorr   .            (no gloves)
SInv    .            (no boots)
Will    +....        (no amulet)
Stlth   +++          d - ring of willpower
HPRegen 0.27/turn    (no ring)
MPRegen 0.13/turn

%: no passive effects
@: lethally poisoned (-1 -> -11), heroic, slowed, very slow
A: no striking features
a: Renounce Religion, Heroism


You were on level 6 of the Dungeon.
You worshipped Okawaru.
Okawaru was aware of your devotion.
You visited 2 branches of the dungeon, and saw 7 of its levels.

You collected 249 gold pieces.


   Skills:
 - Level 3.2(8.2) Fighting
 - Level 12.0(17.0) Ranged Weapons
 - Level 1.2(6.2) Armour
 + Level 3.6(8.6) Dodging
 - Level 1.2(6.2) Stealth
 + Level 3.7 Invocations


You had 7 spell levels left.
You didn't know any spells.
Your spell library was empty.

Inventory:

Hand Weapons
 Y - a +1 shortbow of draining (weapon)
Armour
 b - a +1 leather armour of fire resistance
 k - a +2 ring mail (worn)
Jewellery
 d - a ring of willpower (left hand)
Scrolls
 g - 5 scrolls of teleportation
 q - a scroll of identify
Potions
 a - a potion of curing
 c - a potion of mutation
 e - a potion of haste {unknown}
 f - a potion of magic {unknown}
 h - a potion of heal wounds {unknown}
 i - a potion of enlightenment {unknown}
 l - a potion of cancellation {unknown}
 o - a potion of resistance {unknown}
 p - a potion of might {unknown}

Dungeon Overview and Level Annotations

Branches:
Dungeon (6/15)             Temple (1/1) D:4

Altars:
Ashenzari
Cheibriados
Dithmenos
Fedhas
Gozag
Kikubaaqudgha
Nemelex Xobeh
Okawaru
Qazlal
Sif Muna
Uskayaw
Xom


Message History

You kill the bullfrog!
Okawaru accepts your kill.
You shoot an arrow. The arrow closely misses the hornet.
You shoot an arrow. The arrow closely misses the hornet.
You shoot an arrow. The arrow hits the hornet!
You drain the hornet.
The hornet is heavily wounded.
You shoot an arrow. The arrow hits the hornet.
You drain the hornet.
The hornet is severely wounded.
The hornet stings you.
You feel yourself slow down.
You shoot an arrow. The arrow barely misses the hornet.
You feel yourself speed up.
The hornet stings you but does no damage.
The hornet stings you.
You are poisoned.
You feel yourself slow down.
You shoot an arrow. The arrow barely misses the hornet.
You feel very sick. The hornet barely misses you. x2
The hornet stings you but does no damage.
You shoot an arrow. The arrow misses the hornet.
You feel yourself speed up.
You feel sick. The hornet stings you.
You feel yourself slow down. The hornet stings you.
You feel as though you will be slow longer.
4098 ||| INVOKING Heroism.
You gain the combat prowess of a mighty hero.
You feel sick. The hornet stings you!
You are more poisoned.
You feel as though you will be slow longer.
The hornet stings you!
You are lethally poisoned!
You feel as though you will be slow longer.
You shoot an arrow.
The arrow hits the hornet but does no damage.
The hornet is severely wounded.
You feel very sick. The hornet stings you!
You feel as though you will be slow longer.
The hornet stings you.
You die...

#......#
#....#.#
#......#
#....#.#
#......#
#....#.#
###.####
#....#.#
#.#
#....#.#
. #.#
#....#.#
... #.#
#.<..#
.....##.#
......y@#
.....####
.... ###


You could see a hornet (drained).

Vanquished Creatures
  A sky beast (D:6)
  3 black bears
  A phantom (D:6)
  2 bullfrogs (D:6)
  3 scorpions
  5 hounds
  2 jellies
  2 orc priests
  3 iguanas
  2 orc wizards
  3 adders
  2 shadow imps
  3 ufetubi
  A worm (D:3)
  3 dart slugs
  16 orcs
  5 ball pythons
  4 bats
  10 endoplasms
  5 giant cockroaches
  6 goblins
  4 hobgoblins
  4 jackals (D:1)
  8 kobolds
  3 quokkas
  3 frilled lizards
  2 rats
106 creatures vanquished.

Notes
Turn   | Place    | Note
-------+----------+-------------------------------------------
     0 | D:1      | qw the Deep Elf Hunter began the quest for the Orb.
     0 | D:1      | Reached XP level 1. HP: 12/12 MP: 3/3
     0 | D:1      | 0 ||| qw: Version: 0.3-a-9-g12657ce
     0 | D:1      | 0 ||| qw: Game counter: 4178
     0 | D:1      | 0 ||| qw: Always use a shield: true
     0 | D:1      | 0 ||| qw: God list: Okawaru
     0 | D:1      | 0 ||| qw: Allow faded altars: false
     0 | D:1      | 0 ||| qw: Do Orc after D:15 true
     0 | D:1      | 0 ||| qw: Do second Lair branch before Depths: true
     0 | D:1      | 0 ||| qw: Lair rune preference: random
     0 | D:1      | 0 ||| qw: Plans: Normal
     0 | D:1      | 0 ||| PLANNING D:1-11
   109 | D:1      | Reached skill level 6 in Ranged Weapons
   109 | D:1      | Reached XP level 2. HP: 16/16 MP: 4/4
   801 | D:1      | 801 ||| FLEEEEING.
   814 | D:1      | Reached XP level 3. HP: 20/20 MP: 5/5
  1107 | D:1      | 1107 ||| READING 3 scrolls labelled DOEHUPSAOTO.
  1108 | D:1      | 1108 ||| READING scroll labelled XUHOH EGUXEH.
  1109 | D:1      | 1109 ||| DROPPING 2 scrolls of fog.
  1110 | D:1      | 1110 ||| DROPPING scroll of butterflies.
  1143 | D:2      | Identified the +0 chain mail "Nuuner" {rF+}
  1361 | D:2      | Reached skill level 7 in Ranged Weapons
  1418 | D:2      | 1418 ||| DROPPING ring of magical power.
  1419 | D:2      | 1419 ||| READING scroll labelled COCWAP UPEIN.
  1420 | D:2      | 1420 ||| READING 2 scrolls labelled QELUILI ETHREAH.
  1423 | D:2      | 1423 ||| READING scroll labelled COUPSYSECLA.
  1613 | D:3      | Reached XP level 4. HP: 25/25 MP: 6/6
  1722 | D:3      | Found an opulent altar of Gozag.
  1776 | D:3      | Found a sparkling altar of Nemelex Xobeh.
  1887 | D:3      | 1887 ||| UPGRADING to +0 ring mail.
  1897 | D:3      | 1897 ||| DROPPING +0 leather armour.
  1898 | D:3      | 1898 ||| DROPPING amulet of magic regeneration.
  1899 | D:3      | 1899 ||| READING scroll labelled OFIMUR XAYVOK.
  2000 | D:3      | 2000 ||| READING scroll labelled PIHOLL JOECAU.
  2001 | D:3      | 2001 ||| READING scroll labelled WECEIWO HEJOKH.
  2002 | D:3      | 2002 ||| READING scroll labelled ATUIRU UGUSAM.
  2003 | D:3      | 2003 ||| DRINKING 2 viscous cyan potions.
  2046 | D:3      | 2046 ||| DROPPING potion of lignification.
  2109 | D:4      | Reached skill level 8 in Ranged Weapons
  2141 | D:4      | Noticed a scorpion
  2150 | D:4      | Killed a scorpion
  2151 | D:4      | Reached XP level 5. HP: 19/29 MP: 7/7
  2198 | D:4      | Reached skill level 9 in Ranged Weapons
  2273 | D:4      | Noticed a black bear
  2277 | D:4      | Killed a black bear
  2278 | D:4      | Reached XP level 6. HP: 36/36 MP: 8/8
  2451 | D:4      | 2451 ||| READING scroll of enchant armour.
  2451 | D:4      | 2451 ||| ENCHANTING +0 ring mail.
  2463 | D:4      | 2463 ||| FLEEEEING.
  2525 | D:4      | Found a staircase to the Ecumenical Temple.
  2526 | D:4      | 2526 ||| PLANNING TEMPLE
  2531 | Temple   | Entered the Ecumenical Temple
  2532 | Temple   | 2532 ||| PLANNING OKAWARU WORSHIP
  2536 | Temple   | Became a worshipper of Warmaster Okawaru
  2537 | Temple   | 2537 ||| PLANNING D:1-11
  2646 | D:4      | 2646 ||| Stepping randomly (stuck).
  2655 | D:5      | Entered Level 5 of the Dungeon
  2779 | D:5      | Reached skill level 10 in Ranged Weapons
  2820 | D:5      | Found a stormy altar of Qazlal.
  2879 | D:5      | Reached skill level 3 in Dodging
  3090 | D:5      | Reached XP level 7. HP: 40/40 MP: 9/9
  3330 | D:5      | Reached skill level 11 in Ranged Weapons
  3344 | D:5      | Reached * piety under Okawaru
  3489 | D:5      | Reached skill level 1 in Invocations
  3558 | D:5      | 3558 ||| UPGRADING to ring of willpower.
  3559 | D:5      | 3559 ||| READING 3 scrolls of identify.
  3559 | D:5      | 3559 ||| IDENTIFYING sedimented coppery potion
  3560 | D:5      | 3560 ||| READING 2 scrolls of identify.
  3560 | D:5      | 3560 ||| IDENTIFYING white potion
  3586 | D:6      | 3586 ||| INVOKING Heroism.
  3587 | D:6      | 3587 ||| INVOKING Heroism.
  3588 | D:6      | 3588 ||| INVOKING Heroism.
  3596 | D:6      | 3596 ||| FLEEEEING.
  3597 | D:6      | 3597 ||| STAIRDANCE
  3610 | D:5      | Reached skill level 12 in Ranged Weapons
  3750 | D:6      | 3750 ||| INVOKING Heroism.
  3865 | D:6      | Reached XP level 8. HP: 45/45 MP: 11/11
  3980 | D:6      | Reached skill level 1 in Armour
  4021 | D:6      | Found a broken altar of Ashenzari.
  4051 | D:6      | Reached skill level 3 in Fighting
  4051 | D:6      | Reached skill level 3 in Invocations
  4077 | D:6      | 4077 ||| READING scroll of enchant armour.
  4077 | D:6      | 4077 ||| ENCHANTING +1 ring mail.
  4089 | D:6      | Noticed a hornet
  4098 | D:6      | 4098 ||| INVOKING Heroism.
  4099 | D:6      | HP: 9/46 [poisoned by a hornet]
  4099 | D:6      | HP: 2/46 [hornet (7)]
  4099 | D:6      | Slain by a hornet

Levels and vault maps discovered:
D:1:      nzn_arrival_depleted_hourglass, layout_basic, roderic_st_hans_cross,
          minivault_4, minmay_misc_feat_square, columned_hall_lemuel
D:2:      layout_rooms
D:3:      layout_rooms, nemelex_altar_shiori, lemuel_tele_altar
D:4:      layout_rooms, temple_green
D:5:      layout_basic, mainiacjoe_overflow_concentric_impassable
D:6:      layout_basic, old_standard_altar, fiery_altar_vehumet
Temple:   hellmonk_temple_micro_hex

Skill      XL: |  1  2  3  4  5  6  7  8 |
---------------+-------------------------+-----
Ranged Weapons | 6 7 8 9 10 12 | 12.0
Fighting       | 2 3 |  3.2
Dodging        | 3 |  3.6
Invocations    | 1 3 |  3.7
Armour         | 1 |  1.2
Stealth        | |  1.2

Action                     |  1- 3 |  4- 6 |  7- 9 || total
---------------------------+-------+-------+-------++-------
   Fire: Shortbow          |   119 |    91 |   128 ||   338
 Invoke: Heroism           |       |       |     3 ||     3
    Use: Scroll            |     5 |     5 |     3 ||    13
         Potion            |       |     1 |       ||     1
 Armour: Leather armour    |    13 |       |       ||    13
         Ring mail         |       |     7 |    30 ||    37
  Dodge: Dodged            |    28 |     8 |    23 ||    59

Table legend:
 A = Non-vault XP
 B = Vault XP
 C = Vault XP percentage of total XP
 D = Non-vault monster count
 E = Vault monster count
 F = Vault count percentage of total count
                 A         B        C        D         E       F
            +---------+---------+-------+---------+---------+-------
      Total |    1898 |       0 |   0.0 |     106 |       0 |   0.0
            +---------+---------+-------+---------+---------+-------
        D:1 |      46 |       0 |   0.0 |      25 |       0 |   0.0
        D:2 |      19 |       0 |   0.0 |       9 |       0 |   0.0
        D:3 |      35 |       0 |   0.0 |      12 |       0 |   0.0
        D:4 |     434 |       0 |   0.0 |      24 |       0 |   0.0
        D:5 |     709 |       0 |   0.0 |      16 |       0 |   0.0
        D:6 |     655 |       0 |   0.0 |      20 |       0 |   0.0
            +---------+---------+-------+---------+---------+-------
